Map: Ice and Chrome LE

Players

Zaechus - Winner!

  • Race: Protoss Protoss
  • League: Diamond
  • Spawn Location: 7:00

gray

  • Race: Zerg Zerg
  • League: Diamond
  • Spawn Location: 1:00

VOD

Have the link to the VOD?

Description

Time

  • Played on: Aug. 3, 2020, 3:22 p.m.
  • Length: 18:14
Show
View Real Time Build Order
Export as new Build Order

Zaechus Protoss - Winner!

Build Orders: 1 Gate Expand, Carriers, Chargelot Immortal 

Get SALT Encoding   

  12  0:00  Probe  
  13  0:12  Probe  
  14  0:20  Pylon  
  14  0:24  Probe  
  15  0:38  Gateway  
  15  0:39  Probe (Chrono Boost)  
  16  0:44  Assimilator  
  16  0:48  Probe (Chrono Boost)  
  17  0:53  Probe (Chrono Boost)  
  18  1:05  Probe  
  19  1:17  Probe  
  20  1:25  Nexus  
  20  1:36  Cybernetics Core  
  20  1:38  Probe  
  21  1:47  Assimilator  
  21  1:51  Probe  
  21  1:53  Pylon  
  22  2:03  Probe (Chrono Boost)  
  23  2:10  Stalker (Chrono Boost)  
  23  2:13  Warp Gate  
  23  2:15  Probe (Chrono Boost)  
  26  2:22  Probe (Chrono Boost)  
  27  2:29  Probe  
  27  2:32  Adept  
  27  2:33  Twilight Council  
  30  2:37  Probe  
  30  2:41  Probe  
  32  2:48  Gateway  
  32  2:56  Probe x2  
  34  3:02  Gateway  
  34  3:08  Adept, Probe  
  34  3:09  Resonating Glaives (Chrono Boost)  
  34  3:11  Probe  
  38  3:20  Probe  
  38  3:23  Probe  
  40  3:30  Pylon  
  40  3:32  Probe, Pylon  
  41  3:35  Probe  
  42  3:45  Probe  
  42  3:47  Probe  
  44  3:58  Probe  
  45  4:04  Adept x3  
  51  4:11  Probe x2  
  51  4:15  Stargate  
  51  4:16  Stargate  
  53  4:20  Assimilator  
  53  4:22  Assimilator  
  53  4:23  Probe x2  
  55  4:26  Zealot x2  
  55  4:27  Sentry  
  61  4:35  Probe  
  62  4:56  Probe  
  61  5:11  Probe x2  
  57  5:23  Void Ray  
  57  5:25  Probe x2  
  61  5:29  Pylon  
  61  5:43  Pylon, Robotics Facility, Charge  
  61  5:45  Nexus  
  61  5:46  Pylon  
  61  5:47  Void Ray, Pylon  
  65  5:50  Pylon  
  65  5:53  Probe x2  
  65  5:54  Protoss Air Weapons Level 1 (Chrono Boost), Stalker  
  69  6:05  Probe  
  69  6:06  Phoenix  
  72  6:21  Stalker x3  
  72  6:30  Stalker x3, Phoenix  
  70  6:45  Phoenix  
  72  6:55  Stalker x2  
  72  6:56  Stalker  
  72  6:58  Nexus  
  72  7:01  Pylon  
  78  7:03  Pylon  
  78  7:08  Probe x2  
  78  7:15  Immortal, Phoenix  
  84  7:19  Phoenix  
  88  7:36  Stalker x3  
  94  7:41  Probe x2  
  96  7:45  Phoenix x2  
  100  7:53  Probe x2  
  102  8:05  Immortal  
  102  8:07  Probe  
  102  8:10  Phoenix  
  102  8:11  Stalker x3  
  95  8:21  Probe x3  
  96  8:30  Assimilator  
  96  8:35  Assimilator  
  96  8:36  Pylon  
  96  8:37  Zealot x3  
  96  8:39  Gateway  
  96  8:40  Gateway  
  100  8:42  Gateway  
  100  8:44  Immortal  
  104  8:59  Zealot x3  
  110  9:12  Probe x3  
  113  9:20  Pylon  
  113  9:23  Immortal  
  113  9:24  Zealot, Probe x3  
  119  9:25  Zealot  
  124  9:34  Nexus  
  124  9:36  Pylon, Probe  
  125  9:39  Pylon  
  125  9:40  Probe x2  
  125  9:44  Zealot x3  
  133  9:54  Probe x3  
  136  10:01  Gateway  
  136  10:04  Pylon  
  136  10:06  Probe x3  
  139  10:08  Gateway  
  139  10:10  Zealot x5  
  139  10:11  Gateway  
  139  10:13  Pylon  
  149  10:17  Forge  
  149  10:19  Fleet Beacon  
  149  10:21  Templar Archives  
  149  10:22  Probe x3  
  149  10:24  Zealot  
  152  10:34  Probe x2, Zealot x4  
  152  10:35  Zealot  
  153  10:46  Zealot  
  151  10:57  Zealot x3  
  151  10:58  Zealot x3  
  163  11:06  Protoss Ground Weapons Level 1 (Chrono Boost), High Templar  
  163  11:10  Psionic Storm  
  161  11:21  Protoss Air Weapons Level 2  
  161  11:25  High Templar x6  
  161  11:26  High Templar x2  
  147  11:43  Zealot  
  147  11:45  Archon x3  
  133  12:00  Stargate  
  123  12:03  Stargate  
  123  12:04  High Templar x4  
  123  12:05  Zealot x2  
  123  12:06  Stargate, Zealot x3  
  125  12:20  Immortal  
  129  12:30  Pylon  
  129  12:32  Pylon  
  129  12:34  Assimilator  
  129  12:38  Assimilator  
  129  12:52  Protoss Ground Weapons Level 2 (Chrono Boost)  
  129  12:53  Zealot x3  
  129  12:54  Zealot x5  
  129  12:55  Zealot  
  147  12:59  Immortal  
  147  13:04  Carrier x3  
  169  13:15  Nexus  
  169  13:17  Pylon  
  169  13:21  Assimilator  
  169  13:22  Mothership (Chrono Boost), Gateway  
  169  13:25  Gateway, Assimilator, Pylon  
  177  13:28  Gateway  
  177  13:29  Pylon, Zealot x5  
  177  13:30  Gateway, Zealot x3  
  193  13:45  Archon  
  193  14:01  Protoss Air Weapons Level 3 (Chrono Boost)  
  193  14:05  Gateway  
  193  14:08  Carrier x2  
  189  14:10  High Templar  
  190  14:30  Carrier  
  196  14:38  Nexus  
  196  14:42  Gateway  
  196  14:52  Zealot x2  
  194  15:06  Carrier  
  192  15:22  Probe x2  
  192  15:25  Nexus  
  194  15:35  Carrier, Pylon  
  194  15:37  Carrier, Probe x3  
  197  15:45  Carrier  
  197  15:49  Probe x3  
  186  16:01  Probe  
  186  16:02  Probe x2  
  189  16:06  Carrier  
  187  16:19  High Templar  
  187  16:20  Zealot x7  
  195  17:26  High Templar x2  
Show
View Real Time Build Order
Export as new Build Order

gray Zerg 

Build Orders: Hatch First, Roach Hydra 

Get SALT Encoding   

  12  0:00  Drone  
  13  0:13  Overlord  
  13  0:17  Drone  
  14  0:31  Drone x2  
  16  0:49  Hatchery  
  15  0:53  Drone  
  15  0:56  Drone  
  17  1:03  Drone  
  18  1:12  Extractor  
  18  1:17  Spawning Pool  
  16  1:19  Drone  
  16  1:22  Drone  
  18  1:29  Drone  
  19  1:50  Overlord  
  19  1:51  Drone  
  20  2:05  Drone x2  
  22  2:09  Queen x2  
  22  2:11  Drone  
  22  2:14  Metabolic Boost  
  27  2:16  Drone  
  27  2:22  Drone  
  29  2:23  Drone  
  30  2:36  Zergling x4  
  32  2:41  Hatchery  
  31  2:44  Drone  
  31  2:45  Drone  
  33  2:52  Queen  
  33  2:56  Overlord  
  35  3:01  Drone  
  35  3:03  Pneumatized Carapace  
  36  3:07  Overlord  
  36  3:16  Drone, Overlord  
  36  3:17  Drone  
  37  3:27  Drone  
  37  3:33  Drone x2  
  40  3:34  Drone  
  40  3:35  Drone x3  
  40  3:39  Drone  
  45  3:43  Queen  
  45  3:48  Roach Warren  
  46  3:52  Lair  
  46  3:54  Drone x2  
  48  3:57  Extractor  
  48  3:59  Drone x2, Extractor  
  48  4:07  Drone x3  
  48  4:08  Drone x2  
  53  4:10  Drone  
  53  4:12  Overlord  
  54  4:17  Overlord  
  54  4:18  Overlord  
  54  4:30  Roach x4  
  59  4:50  Spine Crawler  
  52  5:00  Roach x8  
  52  5:03  Drone x3  
  61  5:14  Drone x3  
  61  5:15  Drone  
  61  5:25  Drone x3  
  63  5:30  Zergling x2  
  63  5:32  Drone  
  63  5:33  Drone  
  66  5:38  Drone x2  
  68  5:54  Drone x2  
  68  5:55  Drone  
  71  5:57  Drone x5  
  71  6:00  Drone x2  
  78  6:14  Hydralisk Den  
  77  6:18  Evolution Chamber  
  77  6:21  Evolution Chamber  
  71  6:29  Drone x11  
  78  6:35  Glial Reconstitution  
  78  6:39  Drone x6  
  80  6:42  Queen  
  80  6:46  Spore Crawler  
  79  6:48  Spore Crawler  
  79  6:53  Grooved Spines  
  70  6:55  Zerg Missile Weapons Level 1  
  70  6:58  Drone x3  
  71  7:05  Extractor x2, Overlord  
  71  7:07  Overlord  
  69  7:15  Hydralisk x5  
  79  7:26  Hydralisk  
  79  7:27  Hydralisk  
  78  7:37  Hydralisk x2  
  78  7:39  Zergling x2  
  78  7:40  Zergling x16  
  79  7:53  Zergling x12  
  82  8:04  Hydralisk x3  
  82  8:05  Muscular Augments  
  80  8:15  Zergling x2  
  80  8:16  Zergling x8  
  80  8:18  Queen x2  
  82  8:31  Drone x3  
  82  8:34  Hydralisk x3  
  85  8:40  Queen  
  93  8:44  Zerg Ground Armor Level 1  
  90  8:59  Hydralisk  
  90  9:00  Hydralisk x3  
  97  9:09  Drone x2  
  96  9:10  Drone  
  95  9:20  Zerg Missile Weapons Level 2, Extractor  
  95  9:23  Drone  
  95  9:26  Hydralisk, Hatchery  
  95  9:28  Overlord x3  
  95  9:29  Overlord  
  95  9:30  Spore Crawler  
  89  9:40  Hydralisk x4  
  97  9:47  Overlord x4  
  97  9:48  Hydralisk x3  
  103  10:07  Hydralisk x3  
  103  10:08  Hydralisk x5  
  119  10:16  Drone  
  119  10:17  Drone x5  
  119  10:19  Overlord  
  125  10:26  Drone  
  125  10:27  Baneling Nest, Drone x4  
  119  10:47  Hydralisk x3  
  119  10:48  Hydralisk x5  
  120  10:54  Zergling x2  
  120  10:55  Zergling x6  
  116  10:59  Queen  
  116  11:03  Zergling x6  
  107  11:26  Hydralisk x9  
  120  11:38  Hydralisk  
  120  11:39  Hydralisk x6  
  116  11:49  Evolution Chamber  
  116  11:53  Hydralisk x3  
  109  11:59  Hydralisk  
  109  12:00  Hydralisk x4  
  111  12:07  Drone x5  
  116  12:09  Queen x3  
  116  12:10  Extractor x2  
  120  12:21  Drone x4  
  120  12:22  Infestation Pit  
  123  12:30  Drone  
  123  12:31  Drone x2  
  126  12:39  Zerg Ground Armor Level 2  
  126  12:40  Infestation Pit  
  126  12:42  Hatchery  
  124  12:45  Queen  
  126  12:52  Drone x8  
  134  13:01  Hive  
  135  13:06  Zergling x10  
  135  13:11  Overlord  
  135  13:12  Overlord  
  140  13:22  Zergling x10  
  140  13:23  Zergling x12, Centrifical Hooks  
  151  13:30  Baneling  
  151  13:31  Baneling x11  
  151  13:47  Spire  
  150  13:58  Baneling  
  150  13:59  Baneling x21  
  146  14:11  Hydralisk  
  146  14:12  Hydralisk x7  
  162  14:24  Hydralisk x5  
  161  14:34  Viper  
  161  14:38  Overlord x3  
  158  14:41  Drone x3, Extractor  
  158  14:43  Drone x3, Extractor  
  162  14:56  Zergling x12  
  162  14:57  Zergling x4  
  128  15:07  Queen  
  128  15:14  Zergling x16, Hydralisk x4  
  136  15:17  Baneling  
  136  15:18  Baneling x9  
  136  15:21  Hydralisk x2  
  148  15:23  Baneling x6  
  150  15:30  Hydralisk x3  
  154  15:36  Hydralisk  
  154  15:37  Hydralisk x8  
  164  15:43  Hydralisk x2  
  167  15:56  Hatchery  
  147  16:00  Hydralisk x8  
  138  16:11  Hydralisk x4  
  122  16:15  Overlord x3  
  112  16:20  Hydralisk x3  
Tags
 
Add a new tag
Caveats
  • Supply blocks, unpowered buildings, or Contaminate may cause inaccurate times.
  • Supply counts are checked every 10 seconds.